AoeStats
← Axolot

African Clearing

504550766Analyzed
3v3 RM · 26d ago on Sep 5, 2026· 64m 28s· 6 players
Game mode
Random Map
Map size
Normal (6 player)
Population
200
Speed
Normal
Resources
Standard
Victory
Conquest
Starting age
Dark Age
Ending age
Imperial Age
RankedLock teamsTeams togetherTeam positionsShared explorationLock speedFull tech treeHidden civsTurbo modeCheats
Victory
Defeat
🇦🇷 Italians · Argentina
1434
+10
🇦🇷 Burgundians · Argentina
1426
+10
🇨🇱 Khitans · Chile
1366
+13
🇳🇱 Turks · Netherlands
1358
-13
🇳🇱 Koreans · Netherlands
1306
-11
🇳🇱 Romans · Netherlands
1227
-9
Piet Hoane
9:43 Loom
11:46 Loom
14:20 Feudal Age
18:53 Castle Age
17:18 Fletching
19:35 Bodkin Arrow
20:27 Double-Bit Axe
29:54 Ballistics
46:12 Gold Mining
46:12 Stone Mining
48:20 Murder Holes
51:30 Imperial Age
52:49 Wheelbarrow
52:50 Bracer
53:43 Conscription
56:48 Elite War Wagon
Gerrit van Rivia
6:38 Loom
12:54 Feudal Age
13:11 Feudal Age
13:30 Man-at-Arms
15:01 Scale Mail Armor
15:12 Forging
15:11 Double-Bit Axe
23:18 Castle Age
21:08 Horse Collar
27:04 Fletching
35:52 Ballistics
35:43 Town Watch
36:34 Wheelbarrow
36:46 Bow Saw
39:44 Heavy Plow
40:15 Hand Cart
40:17 Gold Mining
44:43 Imperial Age
42:58 Bodkin Arrow
44:53 Heavy Scorpion
48:21 Cavalier
49:01 Husbandry
49:12 Bloodlines
51:00 Scale Barding Armor
51:31 Iron Casting
62:28 Light Cavalry
Ir. Henk deJeager
3:46 Loom
13:25 Feudal Age
14:25 Double-Bit Axe
17:04 Castle Age
18:59 Double-Bit Axe
23:10 Padded Archer Armor
28:16 Wheelbarrow
30:41 Town Watch
31:51 Leather Archer Armor
34:18 Scale Barding Armor
36:30 Chain Barding Armor
36:21 Bloodlines
36:12 Husbandry
38:40 Forging
43:33 Imperial Age
41:33 Bow Saw
43:17 Hand Cart
44:36 Heavy Camel Rider
46:12 Plate Barding Armor
47:25 Iron Casting
47:36 Gold Mining
50:03 Blast Furnace
48:55 Fletching
51:04 Conscription
52:15 Elite Janissary
56:01 Artillery
56:44 Masonry
Dino_Mate
9:50 Loom
12:08 Feudal Age
16:08 Castle Age
14:36 Double-Bit Axe
15:14 Stone Mining
18:11 Fletching
36:33 Wheelbarrow
36:39 Town Watch
37:35 Bodkin Arrow
39:07 Padded Archer Armor
40:00 Gold Mining
44:55 Imperial Age
42:39 Horse Collar
44:07 Leather Archer Armor
46:36 Chemistry
46:03 Pirotechnia
56:00 Ring Archer Armor
61:48 Heavy Plow
61:59 Bow Saw
65:04 Masonry
Axolot
6:17 Double-Bit Axe
7:25 Loom
13:30 Feudal Age
14:32 Bow Saw
15:12 Fishing Lines
20:54 Castle Age
18:54 Stone Mining
20:11 Gillnets
22:44 Two-Man Saw
22:48 Wheelbarrow
22:59 Scale Barding Armor
24:26 Husbandry
25:09 Gold Mining
28:50 Chain Barding Armor
31:14 Forging
33:07 Horse Collar
34:38 Heavy Plow
35:59 Crop Rotation
39:24 Imperial Age
38:45 Gold Shaft Mining
38:47 Stone Shaft Mining
39:22 Iron Casting
39:39 Elite Coustillier
40:58 Conscription
42:19 Plate Barding Armor
42:44 Blast Furnace
47:55 Chemistry
49:51 Hand Cart
49:22 Town Watch
52:43 Fletching
55:02 Bodkin Arrow
55:25 Masonry
55:36 Ballistics
56:41 Hoardings
62:09 Scale Mail Armor
62:15 Squires
62:01 Arson
62:59 Burgundian Vineyards
63:17 Guilds
64:08 Chain Mail Armor
63:34 Flemish Revolution
65:19 Plate Mail Armor
JotaPex
3:39 Loom
15:55 Feudal Age
17:13 Arson
21:13 Castle Age
19:45 Fletching
23:09 Double-Bit Axe
27:39 Bodkin Arrow
29:49 Wheelbarrow
29:53 Husbandry
32:03 Guard Tower
32:37 Ballistics
32:51 Heavy Cavalry Archer
35:28 Padded Archer Armor
36:54 Bow Saw
37:04 Domestication
38:35 Leather Archer Armor
38:55 Thumb Ring
44:15 Imperial Age
42:03 Hand Cart
41:35 Town Watch
44:34 Scale Barding Armor
47:01 Light Cavalry
48:46 Pastoralism
48:59 Gold Mining
49:00 Stone Mining
50:39 Two-Man Saw
51:32 Parthian Tactics
51:16 Ordo Cavalry
51:37 Conscription
56:24 Forging
58:46 Hussar
60:26 Chain Barding Armor
60:42 Iron Casting
61:19 Bracer
63:18 Plate Barding Armor
64:12 Lamellar Armor
Connection lost

Rejoining the realm…

Still unreachable

The connection could not be restored.

Session expired

The server has moved on; the page needs a fresh start.